 Dungeon Crawl Stone Soup version 0.30-a0-424-g7412bad402 (webtiles) character file.

Game seed: 12624364275812695216

11 McMuffin the Sneak (level 2, -1/22 HPs)
             Began as a Demonspawn Wanderer on Dec 9, 2022.
             Slain by a gnoll
             ... wielding a +0 spear
              (4 damage)
             ... on level 1 of the Dungeon.
             The game lasted 00:02:10 (238 turns).

McMuffin the Sneak (Demonspawn Wanderer)             Turns: 238, Time: 00:02:10

Health: -1/22      AC:  8    Str: 12    XL:     2   Next: 13%
Magic:  2/2        EV:  5    Int: 10    God:
Gold:   43         SH:  0    Dex: 15    Spells: 1/1 levels left

rFire   . . .      SeeInvis .    j - +0 short sword
rCold   . . .      Faith    .    (no shield)
rNeg    . . .      Spirit   .    k - +0 chain mail
rPois   .          Reflect  .    (no helmet)
rElec   .          Harm     .    (no cloak)
rCorr   .          Rampage  .    (no gloves)
Will    .....                    (no boots)
Stlth   ..........               (no amulet)
HPRegen 0.23/turn                (no ring)
MPRegen 0.16/turn                (no ring)

@: no status effects
A: magic regeneration
a: no special abilities


You were on level 1 of the Dungeon.
You visited 1 branch of the dungeon, and saw 1 of its levels.

You collected 43 gold pieces.

Inventory:

Hand Weapons
 a - a +0 dagger
 d - a +0 hand axe
 j - a +0 short sword (weapon)
Missiles
 b - an atropa-tipped dart (quivered)
 c - a datura-tipped dart
Armour
 g - a +0 leather armour
 k - a +0 chain mail (worn)
Scrolls
 i - a scroll of torment {unknown}
Potions
 e - a potion of lignification
 f - a potion of curing
 h - a potion of resistance {unknown}


   Skills:
 + Level 2.0 Fighting
 + Level 0.4 Short Blades
 + Level 1.0 Axes
 + Level 1.0 Throwing
 + Level 1.0 Armour
 + Level 0.1 Dodging
 + Level 4.8 Stealth


You had one spell level left.
You didn't know any spells.
Your spell library was empty.

Dungeon Overview and Level Annotations

Branches:
Dungeon (1/15)

Altars:


Innate Abilities, Weirdness & Mutations

You regenerate magic rapidly.


Message History

You hit the kobold.
You kill the kobold!
You now have 40 gold pieces (gained 20).
Things that are here:
a +0 short sword; a stone; a +0 chain mail
j - a +0 short sword (weapon)
You start removing your armour.
You continue taking off your +0 leather armour. x4
You finish taking off your +0 leather armour.
You start putting on your armour.
You continue putting on your +0 chain mail. x5
You finish putting on your +0 chain mail.
You now have 43 gold pieces (gained 3).
A gnoll comes into view. It is wielding a +0 spear.
You see here a +0 club.
Things that are here:
a bat corpse; a bat corpse; a bat corpse You see here a +0 club.
The gnoll hits you with a +0 spear.
Things that are here:
a bat corpse; a bat corpse; a bat corpse You barely miss the gnoll.
The gnoll barely misses you.
You completely miss the gnoll. The gnoll hits you but does no damage.
You hit the gnoll but do no damage. The gnoll hits you with a +0 spear.
You barely miss the gnoll. The gnoll hits you with a +0 spear.
You hit the gnoll.
The gnoll is lightly wounded.
The gnoll hits you with a +0 spear.
* * * LOW HITPOINT WARNING * * *
You hit the gnoll but do no damage.
The gnoll is lightly wounded.
The gnoll hits you but does no damage.
You hit the gnoll but do no damage.
The gnoll is lightly wounded.
The gnoll hits you with a +0 spear.
* * * LOW HITPOINT WARNING * * *
You hit the gnoll but do no damage.
The gnoll is lightly wounded.
The gnoll hits you with a +0 spear.
You die...

.. .... #............#
... ... #.#.#.#.#.#.#
.... .. #............
##..##. #.#.#.#>#.#.#
.......##....(.......
.P.PP.....#.#.#.#.#.#.
P.P..P...............#
P.....P...#.#g#.#.#.##
P.P.P...#####@#...).
.P....P.# #)#......
...P.PP.# #)#......#
..PPPP..# #)#.......
.......## #.##.....#
...###. #.# ###### ###
#. #####.# # #.....#
####.##.#####


You could see a gnoll.

Vanquished Creatures
  A hobgoblin (D:1)
  5 bats (D:1)
  A frilled lizard (D:1)
  2 goblins (D:1)
  3 kobolds (D:1)
12 creatures vanquished.

Vanquished Creatures (others)
  A plant (D:1)
1 creature vanquished.

Grand Total: 13 creatures vanquished

Notes
Turn   | Place    | Note
-------+----------+-------------------------------------------
     0 | D:1      | McMuffin the Demonspawn Wanderer began the quest for the
                  | Orb.
     0 | D:1      | McMuffin set off with the following items: a +0 dagger, an
                  | atropa-tipped dart, a datura-tipped dart, a +0 hand axe, a
                  | potion of lignification, a potion of curing, a +0 leather
                  | armour.
     0 | D:1      | Reached XP level 1. HP: 16/16 MP: 1/1
   157 | D:1      | Gained mutation: You regenerate magic rapidly. [demonic
                  | ancestry]
   157 | D:1      | Reached XP level 2. HP: 14/22 MP: 2/2
   238 | D:1      | Slain by a gnoll

Illustrated notes

Levels and vault maps discovered:
D:1:      amcnicky_arrival_flooded_fountain, layout_basic, serial_shops,
          shop_statue, st_stairs_10, amcnicky_mini_pool_small,
          nicolae_grassy_gnolls

Action                   || total
-------------------------++-------
Melee: Dagger            ||    72
       Short sword       ||     8
Armor: Leather armour    ||    42
       Chain mail        ||     2
Dodge: Dodged            ||    57

Table legend: (Time is in decaauts)
 A = Elapsed time spent in this place.
 B = Non-inter-level travel time spent in this place.
 C = Inter-level travel time spent in this place.
 D = Time resting spent in this place.
 E = Time spent auto-exploring this place.
 F = Levels seen in this place.
 G = Mean time per level.
                   A        B        C        D        E       F      G
               +--------+--------+--------+--------+--------+-----+--------+
         Total |    236 |    236 |      0 |      0 |      0 |   1 |  236.0 |
       Dungeon |    236 |    236 |      0 |      0 |      0 |   1 |  236.0 |
               +--------+--------+--------+--------+--------+-----+--------+

Top non-repeatable levels by time:
     D:1: 236 daAuts
